Description

Zealot Stalker Rush You need to show when to create workers since there are some notes

Build Order

Get SALT Encoding   

  12  0:00  Probe  
  13  0:08  Probe  
  14  0:19  Pylon  
  15  0:24  Probe  
  15  0:30  Assimilator Dont pull probes yet from mineral lines, get 16/16 mineral fiirst then 3 to gas  
  15  0:41  Gateway  
  15  0:44  Probe  
  16  0:53  Assimilator same here dont take ur probes off minerals to mine for gas  
  16  0:57  Probe  
  16  1:10  Probe now set rally point to first gas  
  18  1:20  Action Send one probe to gas  
  18  1:23  Gateway  
  18  1:33  Cybernetics Core  
  18  1:36  Zealot  
  21  1:39  Probe  
  21  1:40  Action, Pylon 2 Drones from mineralline to gas  
  22  1:52  Probe  
  23  2:03  Gateway  
  23  2:09  Twilight Council  
  24  2:10  Warp Gate (Chrono Boost)  
  23  2:16  Probe set rally point to second gas  
  24  2:22  Zealot  
  26  2:29  Zealot  
  29  2:44  Warp Gate  
  29  2:46  Charge (Chrono Boost)  
  31  2:56  Stalker  
  31  3:11  Pylon Send drone to enemies third to build pylon+gateway  
  31  3:29  Stalker x2  
  35  3:32  Stalker  
  39  3:40  Stalker  
  39  3:45  Pylon In enemies third base in a corner  
  39  4:04  Gateway In enemies third to the Pylon  
Spawning Tool Build Advisor. Get it on Overwolf

Go to:

Details

  • Created by: Firecore02
  • Published on: Mar 26, 2022
  • Modified on: Mar 26, 2022
  • Patch: 4.11.0
  • Difficulty: Hard
Show
View Real Time Build Order
Export as new Build Order

Comments (0)

There are no comments. Be the first!

Create an account to comment!